 Dungeon Crawl Stone Soup version 0.19-a0-753-gae73b43 (console) character file.

70 brucemayne the Chopper (level 4, -2/34 HPs)
             Began as a Vampire Berserker on June 25, 2016.
             Was a Follower of Trog.
             Slain by a goblin (3 damage)
             ... led by Robin
             ... on level 3 of the Dungeon.
             The game lasted 00:01:17 (356 turns).

brucemayne the Chopper (Vampire Berserker)           Turns: 356, Time: 00:01:18

Health: -2/34      AC:  3    Str: 17    XL:     4   Next: 3%
Magic:  4/4        EV: 12    Int:  9    God:    Trog [*.....]
Gold:   61         SH:  0    Dex: 13    Spells: 0 memorised, 3 levels left

rFire  . . .     SeeInvis +     a - +0 hand axe
rCold  + . .     Gourm    .     f - -1 leather armour (curse)
rNeg   + + .     Faith    .     (no shield)
rPois  +         Spirit   .     (no helmet)
rElec  .         Dismiss  .     h - +0 cloak
rCorr  .         Reflect  .     (no gloves)
SustAt .         Harm     .     (no boots)
MR     .....                    (no amulet)
Stlth  +.........               (no ring)
                                (no ring)

@: exhausted, regenerating slowly, slowed, very slow, not resistant to hostile
enchantments, very unstealthy
A: fangs 3, see invisible, unbreathing
a: Bat Form, Berserk, Burn Spellbooks, Renounce Religion


You were on level 3 of the Dungeon.
You worshipped Trog.
Trog was aware of your devotion.
You were very thirsty.

You visited 1 branch of the dungeon, and saw 3 of its levels.

You collected 61 gold pieces.

Inventory:

Hand Weapons
 a - a +0 hand axe (weapon)
Armour
 b - a +0 animal skin
 e - a +0 leather armour
 f - a cursed -1 leather armour (worn)
 h - a +0 cloak (worn)
Scrolls
 d - 2 scrolls of identify {unknown}
 k - a scroll of enchant weapon {unknown}
Potions
 c - 4 potions of blood
 g - a potion of cure mutation {unknown}
 i - a potion of berserk rage {unknown}
 j - a potion of degeneration {unknown}


   Skills:
 - Level 2.6 Fighting
 + Level 4.4 Axes
 - Level 1.5 Armour
 - Level 2.1 Dodging


You had 3 spell levels left.
You didn't know any spells.

Dungeon Overview and Level Annotations

Branches:
Dungeon (3/15)

Altars:

Annotations:
D:3 Robin


Innate Abilities, Weirdness & Mutations

You heal slowly.
You have razor-sharp teeth.
You have supernaturally acute eyesight. (SInv)
You can survive without breathing.


Message History

The goblin shouts! x3
A hobgoblin comes into view. It is wielding a club.
The hobgoblin shouts!
You hear a shout!
A hobgoblin comes into view. It is wielding a club.
The hobgoblin moves out of view.
Robin of the Strong Arm comes into view.
She is wielding a mace of protection.
The goblin barely misses you. Robin throws the goblin at you! The bat hits you.
* * * LOW HITPOINT WARNING * * *
A red film seems to cover your vision as you go berserk!
You feel yourself moving faster!
You feel mighty!
Your blood-deprived body can't sustain your rage any longer.
You are feeling thirsty.
You are no longer berserk.
You are exhausted.
You feel yourself slow down.
You are feeling very thirsty.
The bat barely misses you. The goblin hits you.
* * * LOW HITPOINT WARNING * * *
The goblin hits you.
You die...

....##...........##
#..........<....##
#....<.[.........#
#...............!#
##...............#
#.............!.#
...........b......#
.........((..g...#
...........#.gg@.##
........gg###gg###
...#..!... #g.#
<.#.###..gg.... ...
##......... ..
...g.........
##.......###.
........#
..#......#


You could see Robin, 2 hobgoblins, 6 goblins and a bat.

Vanquished Creatures
  Jessica (D:3)
  Ijyb (D:2)
  An ooze (D:2)
  A bat (D:1)
  2 giant cockroaches
  2 goblins (D:2)
  2 hobgoblins (D:2)
  2 kobolds
  A quokka (D:2)
  A giant newt (D:2)
14 creatures vanquished.

Notes
Turn   | Place    | Note
--------------------------------------------------------------
     0 | D:1      | brucemayne the Vampire Berserker began the quest for the Orb.
     0 | D:1      | Reached XP level 1. HP: 17/17 MP: 1/1
    98 | D:2      | Reached skill level 3 in Axes
   124 | D:2      | Reached XP level 2. HP: 9/23 MP: 2/2
   221 | D:2      | Noticed Ijyb
   227 | D:2      | Killed Ijyb
   227 | D:2      | Reached XP level 3. HP: 28/28 MP: 3/3
   228 | D:2      | Reached skill level 4 in Axes
   273 | D:3      | Noticed Jessica
   324 | D:3      | Killed Jessica
   324 | D:3      | Reached XP level 4. HP: 5/34 MP: 4/4
   355 | D:3      | Noticed Robin
   356 | D:3      | HP: 1/34 [goblin[Robin] (1)]
   356 | D:3      | Slain by a goblin

Vault maps used:
D:1:      minmay_arrival_three_doors, corexii_leaking_fountain, tso_metal_star
D:2:      uniq_iyjb
D:3:      xom_butterflies, ecumenical_altar_2, xom_redecorated, uniq_jessica,
          uniq_robin

Skill      XL: |  1  2  3 |
---------------+----------+-----
Axes           | 3 4 |  4.4
Fighting       | |  2.6
Armour         | |  1.5
Dodging        | |  2.1

Action                   |  1- 3 |  4- 6 || total
-------------------------+-------+-------++-------
Melee: Hand axe          |    49 |       ||    49
       Bite              |     5 |       ||     5
Invok: Berserk           |     2 |     1 ||     3
Armor: Animal skin       |     2 |       ||     2
       Leather armour    |     6 |     1 ||     7
Dodge: Dodged            |    34 |     2 ||    36
